 Dungeon Crawl Stone Soup version 0.25.1-2-g60ff931df9 (webtiles) character file.

Game seed: 8559978041610125731

60 gruber the Chopper (level 3, 0/33 HPs)
             Began as a Deep Dwarf Fighter on Aug 20, 2020.
             Killed by divine providence
             ... invoked by an orc priest
              (12 damage)
             ... on level 3 of the Dungeon.
             The game lasted 00:01:34 (1622 turns).

gruber the Chopper (Deep Dwarf Fighter)             Turns: 1622, Time: 00:01:34

Health: 0/33       AC:  6    Str: 20    XL:     3   Next: 82%
Magic:  3/3        EV:  7    Int:  8    God:
Gold:   98         SH:  9    Dex: 12    Spells: 2/2 levels left

rFire    . . .     SeeInvis .   a - +0 war axe
rCold    . . .     Gourm    .   c - +0 kite shield
rNeg     . . .     Faith    .   b - +0 scale mail
rPois    .         Spirit   .   (no helmet)
rElec    .         Reflect  .   (no cloak)
rCorr    .         Harm     .   (no gloves)
MR       .....                  (no boots)
Stlth    ..........             (no amulet)
HPRegen  0.00/turn              (no ring)
MPRegen  0.08/turn              (no ring)

@: non-regenerating
A: damage resistance, heal wounds, sense surroundings 1, no regeneration
a: Heal Wounds


You were on level 3 of the Dungeon.
You were hungry.

You visited 1 branch of the dungeon, and saw 3 of its levels.

You collected 98 gold pieces.

Inventory:

Hand Weapons
 a - a +0 war axe (weapon)
Armour
 b - a +0 scale mail (worn)
 c - a +0 kite shield (worn)
Jewellery
 j - an uncursed ring of see invisible {unknown}
 k - an uncursed ring of fire
Scrolls
 e - 2 scrolls of fog {unknown}
 g - a scroll of fear {unknown}
 m - a scroll of teleportation {unknown}
 n - a scroll of remove curse {unknown}
 p - 2 scrolls of amnesia {unknown}
 r - 3 scrolls of identify {unknown}
Potions
 d - a potion of might
 h - a potion of cancellation {unknown}
 i - 3 potions of heal wounds {unknown}
 l - a potion of flight {unknown}
 o - a potion of resistance {unknown}
 q - a potion of degeneration {unknown}
Comestibles
 f - 8 rations


   Skills:
 - Level 2.6 Fighting
 + Level 4.6 Axes
 - Level 3.2 Armour
 - Level 3.2 Shields


You had 2 spell levels left.
You didn't know any spells.
Your spell library was empty.

Dungeon Overview and Level Annotations

Branches:
Dungeon (3/15)

Altars:


Innate Abilities, Weirdness & Mutations

You are resistant to damage.
You can heal yourself by infusing magical energy.
You passively map a small area around you.
You do not regenerate.


Message History

The orc is heavily wounded.
The orc hits you but does no damage.
You slash the orc!
You kill the orc!
Items here: )) [ ÷ †† You are feeling hungry.
There is a stone staircase leading down here.
You climb downwards.
A frilled lizard, 3 orcs and an orc priest come into view.
The orc shouts!
The orc priest shouts!
The orc shouts! x2
The frilled lizard hisses angrily.
You block the orc priest's attack.
Found a gold piece and a potion of might.
Found a stone staircase leading down.
There is a stone staircase leading up here.
Unknown command.
Unknown command.
The orc priest invokes the aid of Beogh against you.
Beogh smites you!
You die...

############
#..........#
#..........#
#..........# , *
#....l.....#
#..o.......# ,
#......o...# *
#.....@o...# ,
#....>......# ,
#.$.........# ,,
#.!..........#*
######...oo...#....#
#...)o...#....#
##.....#......*
#.....###...#
............#####


You could see 2 orc priests, 4 orcs and a frilled lizard.

Vanquished Creatures
  2 adders (D:2)
  A worm (D:2)
  A dart slug (D:1)
  A leopard gecko (D:1)
  4 orcs
  3 ball pythons (D:1)
  3 bats
  3 giant cockroaches
  2 goblins (D:1)
  2 hobgoblins
  A frilled lizard (D:1)
  7 kobolds
  4 rats
34 creatures vanquished.

Notes
Turn   | Place    | Note
-------+----------+-------------------------------------------
     0 | D:1      | gruber the Deep Dwarf Fighter began the quest for the Orb.
     0 | D:1      | Reached XP level 1. HP: 20/20 MP: 1/1
   149 | D:1      | Reached skill level 3 in Axes
   153 | D:1      | Reached XP level 2. HP: 8/27 MP: 2/2
   958 | D:2      | Reached XP level 3. HP: 27/33 MP: 3/3
   993 | D:2      | Reached skill level 4 in Axes
  1622 | D:3      | Killed from afar by an orc priest

Illustrated notes

Levels and vault maps discovered:
D:1:      sevenhm_arrival_forest_fort_large_1, layout_basic
D:2:      layout_basic, first_ration
D:3:      layout_rooms, good_gods_mini_temple, kennysheep_slug_shrine,
          minmay_misc_feat_alley

Skill      XL: |  1  2  3 |
---------------+----------+-----
Axes           | 3 4 |  4.6
Fighting       | |  2.6
Armour         | |  3.2
Shields        | |  3.2

Action                   || total
-------------------------++-------
Melee: War axe           ||   110
 Abil: Heal Wounds       ||     1
  Eat: Chunk             ||     2
Armor: Scale mail        ||    51
Dodge: Dodged            ||    39
Block: Kite shield       ||    57
